 Dungeon Crawl Stone Soup version 0.20-a0-492-g6327889 (webtiles) character file.

2908 Goblin1989 the Grappler (level 9, -1/83 HPs)
             Began as a Troll Transmuter on Jan 15, 2017.
             Was a Follower of Okawaru.
             Slain by a two-headed ogre
             ... wielding a +0 dire flail
              (18 damage)
             ... on level 8 of the Dungeon.
             The game lasted 00:20:43 (6651 turns).

Goblin1989 the Grappler (Troll Transmuter)          Turns: 6651, Time: 00:20:43

Health: -1/83      AC:  9    Str: 20    XL:     9   Next: 49%
Magic:  9/9        EV: 11    Int: 12    God:    Okawaru [*.....]
Gold:   346        SH:  0    Dex: 10    Spells: 4/10 levels left

rFire    . . .     SeeInvis .     - Unarmed
rCold    . . .     Gourm    +   b - +0 robe
rNeg     . . .     Faith    .   (no shield)
rPois    +         Spirit   .   (helmet restricted)
rElec    .         Reflect  .   (no cloak)
rCorr    .         Harm     .   (gloves unavailable)
MR       .....                  (boots unavailable)
Stlth    +.........             (no amulet)
Regen    0.6/turn               o - ring of poison resistance
                                h - +4 ring of protection

@: no status effects
A: unfitting armour, claws 3, fast metabolism 3, gourmand, regeneration 1,
shaggy fur 1, tough skin 2
a: Heroism, Renounce Religion


You were on level 8 of the Dungeon.
You worshipped Okawaru.
Okawaru was aware of your devotion.
You were very full.

You visited 2 branches of the dungeon, and saw 10 of its levels.

You collected 370 gold pieces.
You spent 24 gold pieces at shops.

Inventory:

Missiles
 a - 83 arrows
 Z - a throwing net {=f, !d}
Armour
 b - a +0 robe (worn)
Jewellery
 h - a +4 ring of protection (left claw)
 o - a ring of poison resistance (right claw)
Wands
 p - a wand of flame (13/48)
Scrolls
 i - 3 scrolls of immolation {!r}
 j - 2 scrolls of enchant armour {unknown}
 k - 3 scrolls of remove curse {@r2}
 m - a scroll of blinking {unknown}
 n - a scroll of recharging {unknown}
 v - a scroll of enchant weapon {unknown}
 M - a scroll of magic mapping
 R - 5 scrolls of identify {@r1}
 T - 4 scrolls of teleportation {!r, @r4}
Potions
 g - a potion of cure mutation {!q}
 r - a potion of magic
 s - 2 potions of brilliance
 t - 2 potions of heal wounds {!q, @q2}
 w - a potion of curing {@q1}
Books
 c - a book of Changes

   Spells                             Type                      Level
   a - Beastly Appendage              Transmutation                1
   b - Sticks to Snakes               Transmutation                2
   c - Spider Form                    Transmutation/Poison         3
   d - Ice Form                       Ice/Transmutation            4
   e - Blade Hands                    Transmutation                5
Comestibles
 d - 7 meat rations {@e2}
 e - 4 bread rations {@e1}
 f - 2 beef jerkies
 l - 5 fruits
 u - a slice of pizza


   Skills:
 * Level 3.2 Fighting
 * Level 3.9 Dodging
 - Level 10.0 Unarmed Combat
 - Level 1.2 Spellcasting
 + Level 5.5 Transmutations


You had 4 spell levels left.
You knew the following spells:

 Your Spells              Type           Power        Failure   Level  Hunger
a - Beastly Appendage     Tmut           ##....       3%          1    ##.....
b - Sticks to Snakes      Tmut           ##......     6%          2    ###....
c - Spider Form           Tmut/Pois      #.........   30%         3    ####...


Dungeon Overview and Level Annotations

Branches:
Dungeon (9/15)             Temple (1/1) D:7            Lair (0/6) D:8
    Orc: D:9-12

Altars:
Ashenzari
Cheibriados
Dithmenos
Elyvilon
Gozag
Hepliaklqana
Kikubaaqudgha
Makhleb
Nemelex Xobeh
Okawaru
Qazlal
Ru
Trog
Uskayaw
Vehumet
Xom
Zin
The Shining One

Shops:
D:7 *

Annotations:
D:3 CcS's ghost, amateur HuNe
D:6 Prince Ribbit
D:7 Goblin1989's ghost, novice TrTm
D:8 dobroeutro's ghost, novice GrFi


Innate Abilities, Weirdness & Mutations

You are too large for most types of armour.
You have claws for hands.
Your metabolism is lightning-fast.
You like to eat raw meat.
Your natural rate of healing is unusually fast.
You are covered in fur. (AC +1)
You have very tough skin. (AC +2)


Message History

The two-headed ogre hits you but does no damage.
The two-headed ogre hits you with a giant club!
* * * LOW HITPOINT WARNING * * *
You take 15 damage, and have 2/83 hp.
You feel like a meek peon again.
MP restored: 9 You barely miss the two-headed ogre.
The two-headed ogre is almost dead.
You see here a club.
You barely miss the two-headed ogre.
The two-headed ogre is almost dead.
The two-headed ogre hits you with a dire flail!
* * * LOW HITPOINT WARNING * * *
The two-headed ogre closely misses you.
You take 8 damage, and have 8/83 hp.
Unknown command.
The quokka twitches its whiskers.
There is a stone staircase leading up here.
The two-headed ogre hits you with a dire flail!!
You die... █████████████ █.█.. ████████████████ █.█.█ █...r..)........ █.█.█ █.██████████████ █.█.█ █.█ █ █.█.█ █r█

█.█.█ █.█
█.█.███████<████
█........@Or...█
█..█...████....███████
██.....█ ███........█
██[█..█ █.██████.█
█)█..█ █.█ █.█ █.█..█
█.█ ███.█████ █)█..█
█.█ █........ █.█..█
█.█ █.█.█████ █.█..█
█.█ █.█.███[.


You could see a two-headed ogre and a quokka.

Vanquished Creatures
  Pikel (D:3)
  A hippogriff (D:7)
  Sigmund (D:5)
  The ghost of Goblin1989 the Ruffian, an amateur TrTm (D:5)
  A water moccasin (D:7)
  2 ogres
  2 centaurs (D:6)
  Blork the orc (D:4)
  2 bullfrogs
  4 killer bees (D:7)
  2 howler monkeys
  3 crimson imps
  A bullfrog zombie (D:6)
  7 hounds
  A bullfrog skeleton (D:6)
  2 jellies (D:6)
  An orc priest (D:3)
  A gnoll shaman (D:7)
  An iguana (D:4)
  3 orc wizards (D:8)
  6 worker ants
  A killer bee zombie (D:8)
  A hound zombie (D:8)
  A hound skeleton (D:4)
  7 gnolls
  A howler monkey skeleton (D:6)
  9 adders
  2 shadow imps
  An ooze (D:2)
  2 dart slugs
  5 leopard geckos
  20 orcs
  2 ball pythons
  9 bats
  3 giant cockroaches
  6 goblins
  9 hobgoblins
  8 jackals
  4 quokkas
  6 frilled lizards
  A jackal zombie (D:5)
  8 kobolds
  A quokka skeleton (D:9)
  9 rats
160 creatures vanquished.

Vanquished Creatures (others)
  A scorpion (D:5)
  An adder (D:4)
  A dart slug (D:4)
  An orc (D:4)
  A giant cockroach (D:5)
5 creatures vanquished.

Grand Total: 165 creatures vanquished

Notes
Turn   | Place    | Note
-------+----------+-------------------------------------------
     0 | D:1      | Goblin1989 the Troll Transmuter began the quest for the Orb.
     0 | D:1      | Reached XP level 1. HP: 18/18 MP: 1/1
   135 | D:1      | Reached XP level 2. HP: 26/26 MP: 2/2
   606 | D:2      | Reached XP level 3. HP: 32/32 MP: 3/3
   634 | D:2      | Reached skill level 4 in Unarmed Combat
  1060 | D:2      | Reached XP level 4. HP: 34/40 MP: 4/4
  1151 | D:2      | Found a bloodstained altar of Trog.
  1215 | D:2      | Learned a level 2 spell: Sticks to Snakes
  1463 | D:3      | Reached skill level 5 in Unarmed Combat
  1476 | D:3      | Reached XP level 5. HP: 45/46 MP: 5/5
  1602 | D:3      | Noticed CcS's ghost (amateur HuNe)
  2105 | D:3      | Found an opulent altar of Gozag.
  2339 | D:4      | Noticed a slave
  2342 | D:4      | Noticed Pikel
  2345 | D:4      | Noticed a slave
  2353 | D:4      | Reached XP level 6. HP: 51/54 MP: 6/6
  2384 | D:4      | Noticed a slave
  2384 | D:4      | Noticed a slave
  2417 | D:3      | Killed Pikel
  2417 | D:3      | Reached skill level 7 in Unarmed Combat
  2417 | D:3      | Reached XP level 7. HP: 38/61 MP: 7/7
  2526 | D:4      | Noticed Blork the orc
  2568 | D:4      | Killed Blork the orc
  2632 | D:4      | Learned a level 3 spell: Spider Form
  2752 | D:4      | Reached skill level 8 in Unarmed Combat
  2904 | D:4      | Reached XP level 8. HP: 66/68 MP: 8/8
  3009 | D:5      | Entered Level 5 of the Dungeon
  3017 | D:5      | Noticed Sigmund
  3024 | D:5      | Killed Sigmund
  3337 | D:5      | Noticed Goblin1989's ghost (amateur TrTm)
  3346 | D:5      | Killed Goblin1989's ghost
  3346 | D:5      | Reached skill level 9 in Unarmed Combat
  4213 | D:6      | Noticed Prince Ribbit
  4351 | D:6      | Reached skill level 5 in Transmutations
  4464 | D:6      | Reached skill level 10 in Unarmed Combat
  4640 | D:6      | Reached skill level 1 in Fighting
  4640 | D:6      | Reached XP level 9. HP: 65/76 MP: 9/9
  4653 | D:6      | Found a glowing golden altar of the Shining One.
  4880 | D:7      | Found a staircase to the Ecumenical Temple.
  4889 | Temple   | Entered the Ecumenical Temple
  4960 | Temple   | Became a worshipper of Warmaster Okawaru
  5153 | D:7      | Found Ruah Meh's General Store.
  5166 | D:7      | Bought a scroll of identify for 24 gold pieces
  5183 | D:7      | Found a radiant altar of Vehumet.
  5183 | D:7      | Found a hide-covered altar of Uskayaw.
  5246 | D:7      | Noticed Goblin1989's ghost (novice TrTm)
  5512 | D:7      | You fall through a shaft for 2 floors!
  5599 | D:8      | Noticed dobroeutro's ghost (novice GrFi)
  5623 | D:8      | Noticed a two-headed ogre
  6230 | D:8      | Reached * piety under Okawaru
  6542 | D:8      | Found a staircase to the Lair.
  6615 | D:8      | HP: 2/83 [two-headed ogre/dire flail (15)]
  6651 | D:8      | Slain by a two-headed ogre

Vault maps used:
D:1:      onia_arrival_handbag
D:2:      trog_hazing_becter
D:3:      marbit_many_paths, grunt_ministairs_7
D:4:      first_bread, grunt_ministairs_4, uniq_pikel, uniq_blork_the_orc
D:5:      columned_hall_lemuel, uniq_sigmund
D:6:      cheibrodos_iron_armory, tso_metal_star, uniq_prince_ribbit1
D:7:      gammafunk_temple_overflow_wave, serial_shops, nicolae_shop_waterfront
D:8:      lemuel_zombie_altar_yredelemnul, lair_entry_dummy, grunt_pizzeria,
          hangedman_incinerator
D:9:      orc_0_dummy, uniq_maurice
Temple:   eino_temple_rhombus

Skill      XL: |  1  2  3  4  5  6  7  8  9 |
---------------+----------------------------+-----
Unarmed Combat | 4 5 7 8 10 | 10.0
Transmutations | 2 3 4 5 |  5.5
Dodging        | 2 3 |  3.9
Fighting       | 1 3 |  3.2
Spellcasting   | |  1.2

Action                   |  1- 3 |  4- 6 |  7- 9 || total
-------------------------+-------+-------+-------++-------
Melee: Unarmed           |   112 |   190 |   278 ||   580
       Punch             |     1 |     1 |    12 ||    14
Invok: Heroism           |       |       |     2 ||     2
  Use: Scroll            |       |     5 |     7 ||    12
 Stab: Sleeping          |     2 |     1 |     3 ||     6
  Eat: Chunk             |    15 |    12 |    38 ||    65
Armor: Robe              |    44 |    95 |    93 ||   232
Dodge: Dodged            |    57 |    99 |   136 ||   292

Vault maps used:
D:1:      onia_arrival_handbag
D:2:      trog_hazing_becter
D:3:      marbit_many_paths, grunt_ministairs_7
D:4:      first_bread, grunt_ministairs_4, uniq_pikel, uniq_blork_the_orc
D:5:      columned_hall_lemuel, uniq_sigmund
D:6:      cheibrodos_iron_armory, tso_metal_star, uniq_prince_ribbit1
D:7:      gammafunk_temple_overflow_wave, serial_shops, nicolae_shop_waterfront
D:8:      lemuel_zombie_altar_yredelemnul, lair_entry_dummy, grunt_pizzeria,
          hangedman_incinerator
D:9:      orc_0_dummy, uniq_maurice
Temple:   eino_temple_rhombus
